 Dungeon Crawl Stone Soup version 0.30.0-29-ga12c61a403 (webtiles) character file.

Game seed: 5294315595517511176

46 Ijustatesigmund the Stinger (level 3, 0/23 HPs)
             Began as an Octopode Venom Mage on June 14, 2023.
             Succumbed to an adder's poison
             ... on level 2 of the Dungeon.
             The game lasted 00:01:53 (1344 turns).

Ijustatesigmund the Stinger (Octopode Venom Mage)   Turns: 1344, Time: 00:01:54

Health: 0/23       AC:  1    Str:  7    XL:     3   Next: 66%
Magic:  5/6        EV: 13    Int: 19    God:
Gold:   69         SH:  0    Dex: 12    Spells: 4/7 levels left

rFire   . . .        b - +0 hand axe
rCold   . . .        (no shield)
rNeg    . . .        (helmet restricted)
rPois   .            (no amulet)
rElec   .            (no ring)
rCorr   .            (no ring)
SInv    .            (no ring)
Will    .....        (no ring)
Stlth   +++          (no ring)
HPRegen 0.23/turn    (no ring)
MPRegen 0.10/turn    (no ring)
                     (no ring)

%: no passive effects
@: lethally poisoned (0 -> -2), flying
A: almost no armour, amphibious, 8 rings, camouflage 1, gelatinous body 1,
(nimble swimmer 1), tentacles
a: no special abilities


You were on level 2 of the Dungeon.
You visited 1 branch of the dungeon, and saw 2 of its levels.

You collected 69 gold pieces.

Inventory:

Hand Weapons
 b - a +0 hand axe (weapon)
Scrolls
 c - a scroll of teleportation {unknown}
 d - 2 scrolls of silence {unknown}
 f - a scroll of blinking {unknown}
 g - a scroll of poison {unknown}
 h - 2 scrolls of identify {unknown}
 i - a scroll of vulnerability {unknown}
Potions
 a - a potion of magic


   Skills:
 - Level 1.0 Fighting
 - Level 2.0 Dodging
 - Level 2.6 Stealth
 + Level 2.6 Spellcasting
 - Level 1.0 Transmutations
 + Level 1.0 Air Magic
 + Level 4.3 Poison Magic


You had 4 spell levels left.
You knew the following spells:

 Your Spells              Type           Power      Damage    Failure   Level
a - Sting                 Tmut/Pois      48%        1d5       5%          1
b - Poisonous Vapours     Pois/Air       24%        N/A       8%          2

Your spell library contained the following spells:

 Spells                   Type           Power      Damage    Failure   Level
 Ignite Poison            Fire/Tmut/Pois 9%         N/A       22%         3
 Mephitic Cloud           Conj/Pois/Air  9%         N/A       22%         3
 Olgreb's Toxic Radiance  Pois           19%        N/A       26%         4
 Sticky Flame             Conj/Fire      2%         2d3       85%         4
 Ignition                 Fire           1%         3d3       100%        8


Dungeon Overview and Level Annotations

Branches:
Dungeon (2/15)

Altars:
Hepliaklqana


Innate Abilities, Weirdness & Mutations

You cannot wear most types of armour.
You are amphibious.
You can wear up to eight rings at the same time.
Your skin changes colour to match your surroundings (Stealth+).
Your rubbery body absorbs attacks. (AC +1, EV +1)
((You are camouflaged when in or above water. (Stealth+)))
You have tentacles for arms and can constrict up to eight enemies at once.


Message History

You closely miss the adder. Your grab misses the adder.
The adder is heavily wounded.
The adder bites you.
You are poisoned.
The adder poisons you!
An adder is nearby!
You hit the adder. Your grab misses the adder.
The adder is severely wounded.
You feel very sick. The adder bites you. x2
You closely miss the adder. Your grab misses the adder.
The adder is severely wounded.
You feel sick. The adder bites you. x2
You are lethally poisoned!
The adder poisons you!
You are too injured to fight recklessly!
You are too injured to fight recklessly!
You are too injured to fight recklessly!
You are too injured to fight recklessly!
It was a potion of flight.
You feel very buoyant.
You fly up into the air.
* * * LOW HITPOINT WARNING * * *
You feel sick. The adder completely misses you.
You hit the adder. You grab the adder.
Your tentacle-slap misses the adder.
The adder is almost dead.
You constrict the adder.
You kill the adder!
* * * LOW HITPOINT WARNING * * *
You feel sick.
Your Air Magic skill increases to level 1!
* * * LOW HITPOINT WARNING * * *
You feel sick.
* * * LOW HITPOINT WARNING * * *
You feel sick.
* * * LOW HITPOINT WARNING * * *
You feel sick.
* * * LOW HITPOINT WARNING * * *
You feel sick.
You die...

###...........#
.##...........#
.##...........#
.##...........#
..............###
.##...........'.#
..............#.##
<#............#..#
##.....(......##@####
..#############....#
## ####.# #†# ..#
.... ..... ...^.##
......#


There were no monsters in sight!

Vanquished Creatures
  2 adders (D:2)
  2 endoplasms (D:1)
  A giant cockroach (D:1)
  6 goblins
  2 hobgoblins
  2 ball pythons (D:1)
  4 bats (D:1)
  2 frilled lizards (D:1)
  4 kobolds (D:1)
  A rat (D:1)
26 creatures vanquished.

Notes
Turn   | Place    | Note
-------+----------+-------------------------------------------
     0 | D:1      | Ijustatesigmund the Octopode Venom Mage began the quest for
                  | the Orb.
     0 | D:1      | Reached XP level 1. HP: 11/11 MP: 3/3
   390 | D:1      | Reached XP level 2. HP: 13/18 MP: 5/5
   445 | D:1      | Reached skill level 1 in Fighting
   600 | D:1      | Reached skill level 4 in Poison Magic
   622 | D:1      | Learned a level 2 spell: Poisonous Vapours
  1061 | D:1      | Reached XP level 3. HP: 23/23 MP: 3/6
  1274 | D:2      | Found a hazy altar of Hepliaklqana.
  1340 | D:2      | Reached skill level 1 in Air Magic
  1343 | D:2      | HP: 1/23 [poisoned by an adder]
  1344 | D:2      | Succumbed to an adder's poison

Illustrated notes

Levels and vault maps discovered:
D:1:      mrwooster_arrival_arrow, layout_basic
D:2:      minmay_roachtagon, layout_basic, basic_altar

Skill      XL: |  1  2  3 |
---------------+----------+-----
Fighting       | 1 |  1.0
Poison Magic   | 4 |  4.3
Air Magic      | 1 |  1.0
Dodging        | |  2.0
Stealth        | |  2.6
Spellcasting   | |  2.6
Transmutations | |  1.0

Action                     || total
---------------------------++-------
  Melee: Hand axe          ||    46
         Short sword       ||     4
         Unarmed           ||     4
         Tentacles         ||    10
         Constrict         ||     8
   Cast: Sting             ||     3
         Poisonous Vapours ||     8
    Use: Potion            ||     1
   Stab: Sleeping          ||     2
 Armour: Skin              ||     5
  Dodge: Dodged            ||    41
